AoeStats
← Sid

Arabia

506097136Analyzed
2v2 RM · 21d ago on Sep 12, 2026· 34m 36s· 4 players
Game mode
Random Map
Map size
Medium (4 player)
Population
200
Speed
Normal
Resources
Standard
Victory
Conquest
Starting age
Dark Age
Ending age
Imperial Age
RankedLock teamsTeams togetherTeam positionsShared explorationLock speedFull tech treeHidden civsTurbo modeCheats
Victory
Defeat
🇺🇸 Persians · United States
1330
+15
🇺🇸 Britons · United States
1301
+16
🇯🇵 Shu · Japan
1317
-16
🇯🇵 Slavs · Japan
1293
-15
fumin
6:28 Loom
9:20 Feudal Age
9:55 Double-Bit Axe
16:20 Fletching
21:23 Padded Archer Armor
24:39 Castle Age
22:56 Horse Collar
23:07 Gold Mining
24:58 Crossbowman
25:34 Bodkin Arrow
25:55 Leather Archer Armor
25:48 Thumb Ring
28:59 Bow Saw
29:25 Gold Shaft Mining
30:06 Ballistics
29:49 Elite Skirmisher
32:50 Heavy Plow
33:28 Wheelbarrow
Sid
6:13 Loom
9:17 Feudal Age
9:53 Double-Bit Axe
22:21 Castle Age
20:41 Horse Collar
22:07 Gold Mining
22:38 Bloodlines
23:26 Husbandry
23:28 Light Cavalry
24:59 Scale Barding Armor
25:35 Forging
28:28 Pikeman
31:59 Gold Shaft Mining
32:49 Wheelbarrow
33:46 Chain Barding Armor
TrickyDick
6:51 Loom
9:12 Feudal Age
25:19 Castle Age
23:54 Horse Collar
25:23 Bloodlines
26:37 Scale Barding Armor
26:56 Double-Bit Axe
27:52 Forging
29:26 Bow Saw
31:22 Heavy Plow
32:00 Iron Casting
32:01 Gold Mining
33:31 Chain Barding Armor
Worst_Judgement
6:15 Loom
9:00 Feudal Age
11:53 Fletching
12:44 Padded Archer Armor
22:52 Castle Age
22:12 Double-Bit Axe
22:19 Gold Mining
22:45 Stone Mining
22:40 Horse Collar
23:10 Crossbowman
25:29 Gold Shaft Mining
25:26 Bodkin Arrow
26:43 Ballistics
29:59 Leather Archer Armor
29:59 Bow Saw
37:39 Imperial Age
35:48 Wheelbarrow
Connection lost

Rejoining the realm…

Still unreachable

The connection could not be restored.

Session expired

The server has moved on; the page needs a fresh start.